 Dungeon Crawl Stone Soup version 0.29-a0-973-gac7da5f7f0 (webtiles) character file.

Game seed: 491382018825826214

11086 wakim the Grappler (level 11, -1/99 HPs)
             Began as a Ghoul Gladiator on July 16, 2022.
             Was an Initiate of Yredelemnul.
             Slain by a komodo dragon (21 damage)
             ... on level 10 of the Dungeon on July 31, 2022.
             The game lasted 00:51:29 (14449 turns).

wakim the Grappler (Ghoul Gladiator)               Turns: 14449, Time: 00:51:30

Health: -1/99      AC: 11    Str: 21    XL:     11   Next: 72%
Magic:  15/15      EV:  9    Int:  5    God:    Yredelemnul [......]
Gold:   1151       SH:  9    Dex: 10    Spells: 10/10 levels left

rFire   . . .      SeeInvis .     - Unarmed
rCold   + . .      Faith    +   Z - +0 kite shield
rNeg    + + +      Spirit   .   Q - +0 scale mail
rPois   ∞          Reflect  .   b - +0 helmet
rElec   .          Harm     .   p - +1 cloak {rCorr}
rCorr   +          Rampage  .   (no gloves)
Will    +....                   M - +0 pair of boots
Stlth   +.........              S - amulet of faith
HPRegen 0.00/turn               m - ring of willpower
MPRegen 0.14/turn               (no ring)

@: inhibited regen
A: claws 1, cold resistance 1, negative energy resistance 3, inhibited
regeneration, torment resistance 2, devour on kill
a: Renounce Religion, Recall Undead Harvest


You were on level 10 of the Dungeon.
You worshipped Yredelemnul.
Yredelemnul was noncommittal.
You visited 3 branches of the dungeon, and saw 13 of its levels.

You collected 1151 gold pieces.

Inventory:

Missiles
 c - 10 throwing nets {=f!f}
 K - 18 poisoned darts (quivered)
 L - 8 curare-tipped darts {=f}
 O - 8 boomerangs
 W - 6 javelins
Armour
 b - a +0 helmet (worn)
 g - a +0 chain mail
 p - a +1 cloak of preservation (worn)
 M - a +0 pair of boots (worn)
 Q - a +0 scale mail (worn)
 Z - a +0 kite shield (worn)
Jewellery
 m - a ring of willpower (left claw)
 o - an amulet of the acrobat
 S - an amulet of faith (around neck)
Wands
 v - a wand of flame (15)
 y - a wand of paralysis (13)
 z - a wand of polymorph (2)
 X - a wand of roots (4)
Scrolls
 e - a scroll of enchant armour
 n - a scroll of poison
 r - a scroll of identify
 N - a scroll of enchant weapon
 R - a scroll of magic mapping {!r}
 T - 5 scrolls of teleportation
 U - a scroll of fear
 Y - a scroll of blinking {!r}
Potions
 f - a potion of heal wounds {unknown}
 i - 4 potions of ambrosia {unknown}
 k - 3 potions of curing {unknown}
 B - a potion of attraction {!q}
 D - a potion of brilliance
 E - a potion of cancellation
 G - 6 potions of flight
 H - 4 potions of haste
 J - a potion of lignification {unknown}
 V - a potion of might {unknown}


   Skills:
 + Level 10.1 Fighting
 - Level 3.0 Throwing
 - Level 4.0 Armour
 - Level 2.6 Dodging
 - Level 4.0 Stealth
 * Level 7.8 Shields
 + Level 11.5 Unarmed Combat
 + Level 6.8 Invocations


You had 10 spell levels left.
You didn't know any spells.
Your spell library contained the following spells:

 Spells                   Type           Power      Damage    Failure   Level
 Necrotise                Necr           0%         1d4       98%         1
 Vampiric Draining        Necr           0%         2d6       100%        3
 Agony                    Necr           0%         N/A       100%        5


Dungeon Overview and Level Annotations

Branches:
Dungeon (11/15) Zot: 26058  Temple (1/1) D:6 Zot: 5792    Lair (1/6) D:10 Zot: 5973
    Orc (0/2) D:10

Altars:
Ashenzari
Cheibriados
Dithmenos
Fedhas
Gozag
Hepliaklqana
Kikubaaqudgha
Makhleb
Nemelex Xobeh
Okawaru
Qazlal
Ru
Sif Muna
Trog
Uskayaw
Vehumet
Wu Jian
Xom
Yredelemnul

Shops:
D:7 [   D:8 (


Innate Abilities, Weirdness & Mutations

You are immune to poison.
You have sharp fingernails.
Your flesh is cold resistant. (rC+)
You are immune to negative energy. (rN+++)
You do not regenerate when monsters are visible.
You are immune to unholy pain and torment.
You thrive by killing the living.


Message History

The komodo dragon bites you but does no damage.
The four-headed hydra bites you. The four-headed hydra bites you!
You block the four-headed hydra's attack.
The four-headed hydra bites you but does no damage.
You climb upwards.
Welcome back to the Dungeon!
There is a staircase to the Lair here. 59/99 (-13)
The komodo dragon attacks as you move away!
The komodo dragon barely misses you.
The komodo dragon attacks as you move away!
The komodo dragon bites you. 53/99 (-6)
The four-headed hydra attacks as you move away!
The four-headed hydra barely misses you.
You block the four-headed hydra's attack. x2
The four-headed hydra bites you but does no damage.
The komodo dragon attacks as you move away!
The komodo dragon bites you!
* * * LOW HITPOINT WARNING * * *
38/99 (-15)
The komodo dragon bites you but does no damage.
The komodo dragon attacks as you move away!
You block the komodo dragon's attack.
The four-headed hydra attacks as you move away!
You block the four-headed hydra's attack.
The four-headed hydra bites you.
* * * LOW HITPOINT WARNING * * *
The four-headed hydra bites you.
* * * LOW HITPOINT WARNING * * *
The four-headed hydra bites you!
* * * LOW HITPOINT WARNING * * *
The komodo dragon attacks as you move away!
You block the komodo dragon's attack. 20/99 (-18)
The komodo dragon attacks as you move away!
The komodo dragon completely misses you.
There is a stone staircase leading up here.
The komodo dragon bites you!!
You die...
Yredelemnul claims you as an undead slave.

..##..#######.#...ZZ#.##..#.#..Z.
...'......#...#.###Z#.#...#.#.###
...#...Z..#...#.#[#.#..#.#..'Z#?+
..##..##Z.###.#.#'#.#.#..##.#.###
..##..###Z###.#.....#..#.##.#....
.......#..Z.#.#######.##)#..#####
.......#Z...#................(...
.......#....#..............#.....
.......'....'...@l.........#.....
..#..###.).#######D..####).##....
########..#...≈...#...###..####'#
#.......#...#.....'....#.....
#......##.P.##....#....'.....
#....#..P..P...#..#....#.....
######..#≈..P>P..≈#..##.######..
##..###..#....P....#.###.########
#..........##...##........#...#


You could see a four-headed hydra and a komodo dragon.

Vanquished Creatures
  A two-headed ogre (D:10)
  A centaur warrior (D:10)
  A manticore (D:7)
  A cyclops (D:10)
  Joseph (D:7)
  2 wyverns
  12 yaks
  A fire bat (D:4)
  An acid dragon (D:9)
  Edmund (D:4)
  2 orc warriors
  A meliai simulacrum (D:10)
  Duvessa (D:4)
  An ice beast (D:8)
  2 black bears
  4 ogres
  4 kobold brigands
  2 necrophages
  2 bullfrogs
  3 gnoll sergeants
  2 scorpions
  7 wights
  Dowan (D:4)
  A killer bee (D:10)
  The ghost of UltraNumeron the Firebug, a weakling DrFE (D:4)
  11 hounds
  3 jellies
  Crazy Yiuf (D:2)
  3 gnoll boudas
  5 orc priests
  3 iguanas
  3 orc wizards
  31 gnolls
  7 adders
  5 white imps
  An ufetubus (D:6)
  2 worms (D:2)
  4 dart slugs
  21 orcs
  5 ball pythons
  4 endoplasms
  4 giant cockroaches
  3 hobgoblins
  6 jackals
  27 kobolds
  A quokka (D:1)
  2 bats
  4 frilled lizards
  9 goblins
  6 rats
227 creatures vanquished.

Vanquished Creatures (collateral kills)
  A boulder beetle (D:10)
  Sonja (D:10)
  Lodul (D:10)
  A kobold demonologist (D:10)
  A troll (D:10)
  A yak (D:10)
  A centaur (D:10)
  4 ogres (D:10)
  A gnoll sergeant (D:10)
  A wight (D:10)
  2 gnolls (D:9)
  An orc (D:8)
  A kobold (D:7)
17 creatures vanquished.

Vanquished Creatures (others)
  2 yak zombies (D:10)
  2 bullfrog zombies
  A killer bee zombie (D:10)
  3 orc zombies
  A gnoll zombie (D:8)
  10 kobold zombies
  3 demonic plants (D:3)
  15 plants (D:10)
37 creatures vanquished.

Grand Total: 281 creatures vanquished

Notes
Turn   | Place    | Note
-------+----------+-------------------------------------------
     0 | D:1      | wakim the Ghoul Gladiator began the quest for the Orb.
     0 | D:1      | Reached XP level 1. HP: 17/17 MP: 0/0
   122 | D:1      | Reached XP level 2. HP: 25/25 MP: 1/1
   453 | D:2      | Reached skill level 4 in Unarmed Combat
   453 | D:2      | Reached XP level 3. HP: 30/30 MP: 2/2
   581 | D:2      | Found a faded altar of an unknown god.
  1022 | D:2      | Reached XP level 4. HP: 37/38 MP: 3/3
  1110 | D:2      | Found a runed translucent door.
  1111 | D:2      | Noticed Crazy Yiuf
  1430 | D:2      | Killed Crazy Yiuf
  2427 | D:3      | Reached XP level 5. HP: 41/45 MP: 4/4
  2917 | D:4      | Found a runed translucent door.
  2951 | D:4      | Noticed UltraNumeron's ghost (weakling DrFE)
  3085 | D:4      | Noticed Edmund
  3095 | D:4      | Killed Edmund
  3096 | D:4      | Reached skill level 5 in Unarmed Combat
  3096 | D:4      | Reached XP level 6. HP: 22/52 MP: 5/5
  3596 | D:4      | Found a hazy altar of Hepliaklqana.
  3659 | D:4      | Reached skill level 6 in Unarmed Combat
  4050 | D:4      | Noticed Dowan
  4051 | D:4      | Noticed Duvessa
  4070 | D:4      | Killed Duvessa
  4075 | D:4      | Killed Dowan
  4076 | D:4      | Reached XP level 7. HP: 51/60 MP: 6/6
  4214 | D:4      | Killed UltraNumeron's ghost
  4215 | D:4      | Reached skill level 7 in Unarmed Combat
  4268 | D:5      | Entered Level 5 of the Dungeon
  4378 | D:5      | Reached skill level 5 in Fighting
  4548 | D:5      | Reached skill level 8 in Unarmed Combat
  4673 | D:5      | Reached XP level 8. HP: 69/69 MP: 7/7
  4787 | D:4      | HP: 3/70 [adder (1)]
  5195 | D:4      | Reached skill level 9 in Unarmed Combat
  5927 | D:5      | Upgraded the game from 0.29-a0-857-g9b1aa3ac5b to
                  | 0.29-a0-870-g2c972031a6
  5927 | D:5      | Upgraded the game from 0.29-a0-870-g2c972031a6 to
                  | 0.29-a0-973-gac7da5f7f0
  6029 | D:5      | Reached skill level 1 in Stealth
  6370 | D:6      | Reached skill level 1 in Shields
  6370 | D:6      | Reached skill level 10 in Unarmed Combat
  6370 | D:6      | Reached XP level 9. HP: 71/78 MP: 8/8
  6568 | D:6      | Reached skill level 1 in Armour
  6573 | D:6      | Found a staircase to the Ecumenical Temple.
  6588 | Temple   | Entered the Ecumenical Temple
  6692 | Temple   | Became a worshipper of Yredelemnul the Dark
  6861 | D:6      | Reached * piety under Yredelemnul
  7094 | D:6      | Reached ** piety under Yredelemnul
  7370 | D:7      | Noticed a manticore
  7562 | D:7      | Found Vizu's Armour Shoppe.
  7573 | D:7      | Noticed a four-headed hydra
  7662 | D:7      | Reached skill level 1 in Invocations
  8079 | D:7      | Noticed Joseph
  8094 | D:7      | Killed Joseph
  8351 | D:7      | Killed a manticore
  9346 | D:8      | Found Inepnoev's Antique Weapon Shop.
  9358 | D:8      | Reached XP level 10. HP: 36/88 MP: 11/11
  9626 | D:8      | Found a radiant altar of Vehumet.
 10174 | D:8      | Reached *** piety under Yredelemnul
 11081 | D:9      | Found a blossoming altar of Fedhas.
 11945 | D:10     | Entered Level 10 of the Dungeon
 11955 | D:10     | Noticed a two-headed ogre
 12075 | D:10     | Found a staircase to the Lair.
 12136 | D:10     | Reached skill level 5 in Shields
 12154 | D:10     | Reached skill level 5 in Invocations
 12212 | D:10     | Noticed Lodul
 12222 | D:10     | Noticed Sonja
 12225 | D:10     | Killed Sonja
 12226 | D:10     | Reached XP level 11. HP: 97/97 MP: 9/14
 12241 | D:10     | Killed Lodul
 12394 | D:10     | Reached skill level 11 in Unarmed Combat
 12475 | D:10     | Killed a two-headed ogre
 12524 | D:10     | Reached **** piety under Yredelemnul
 12936 | D:10     | Noticed a cyclops
 12936 | D:10     | Noticed a centaur warrior
 12944 | D:10     | Killed a cyclops
 12944 | D:10     | Reached ***** piety under Yredelemnul
 12952 | D:10     | Killed a centaur warrior
 13125 | D:10     | Found a staircase to the Orcish Mines.
 13143 | D:10     | Noticed a boulder beetle
 13163 | D:10     | Killed a boulder beetle
 13164 | D:10     | Reached skill level 10 in Fighting
 13529 | D:11     | Noticed a five-headed hydra
 14411 | Lair:1   | Entered Level 1 of the Lair of Beasts
 14424 | Lair:1   | Noticed a four-headed hydra
 14449 | D:10     | Slain by a komodo dragon

Illustrated notes

Levels and vault maps discovered:
D:1:      scummos_arrival_forest, layout_rooms
D:2:      layout_loops_ring, chequers_ecumenical_altar_island,
          kennysheep_nondescript, uniq_crazy_yiuf_cottage
D:3:      layout_loops_corners, dreamdust_princess_corridor
D:4:      layout_loops_corners, nicolae_hepliaklqana_hazy_memory,
          ebering_ghost_sewer_d, uniq_duvessa, uniq_edmund
D:5:      layout_cave_pools, serial_gnoll_camp, gnoll_camp_medium_01,
          gnoll_camp_mini_sergeant, gnoll_camp_mini_doghouse,
          gnoll_camp_mini_basic, gnoll_camp_mini_doghouse
D:6:      layout_basic, minmay_temple_entry_stoned_glass, minmay_fountain_box,
          grunt_ministairs_13
D:7:      layout_loops_corners, serial_co_window_serial, co_window_paths_a,
          co_window_paths_a, co_window_paths_a, co_window_corner_a,
          co_window_of_opportunity_a, co_window_2corner, co_window_corner_ca,
          co_window_broadway_b, co_window_corner_cb, co_window_broadway_c,
          co_window_broadway_a, co_window_paths_e, serial_shops, shop_fountains,
          uniq_joseph
D:8:      layout_basic, nicolae_vehumet_radiance, serial_shops,
          nicolae_stop_n_shop_1
D:9:      layout_irregular_city, nicolae_overflow_hidden_temple
D:10:     layout_gridville, lemuel_tele_altar, dpeg_oklobed_lair, orc_0_dummy,
          minmay_shattered_shrine, uniq_lodul, uniq_sonja
D:11:     layout_gridville
Temple:   minmay_crystal_spiral_temple
Lair:1:   beast_lair_carwin_large_3, layout_cave_pods, grunt_megastairs_3,
          uniq_nergalle

Skill      XL: |  1  2  3  4  5  6  7  8  9 10 11 |
---------------+----------------------------------+-----
Throwing       | 2 3 |  3.0
Unarmed Combat | 4 5 6 8 10 11 | 11.5
Fighting       | 3 4 5 6 8 9 10 | 10.1
Stealth        | 1 4 |  4.0
Shields        | 1 3 6 7 |  7.8
Armour         | 4 |  4.0
Invocations    | 3 5 6 |  6.8
Dodging        | |  2.6

Action                   |  1- 3 |  4- 6 |  7- 9 | 10-12 || total
-------------------------+-------+-------+-------+-------++-------
Melee: Unarmed           |    94 |   104 |   350 |   233 ||   781
       Punch             |     2 |     4 |    15 |       ||    21
Throw: Boomerang         |       |       |    11 |       ||    11
       Dart              |       |       |     4 |     1 ||     5
Invok: Recall Undead Har |       |       |     3 |     6 ||     9
       Dark Bargain      |       |       |       |     2 ||     2
Evoke: Wand              |       |       |     5 |     2 ||     7
  Use: Scroll            |       |     3 |     4 |    14 ||    21
 Stab: Distracted        |       |       |       |     2 ||     2
Armor: Leather armour    |    26 |    12 |    32 |       ||    70
       Scale mail        |       |       |    67 |    72 ||   139
Dodge: Dodged            |    49 |    77 |   272 |   123 ||   521
Block: Kite shield       |       |       |    28 |   115 ||   143

Table legend: (Time is in decaauts)
 A = Elapsed time spent in this place.
 B = Non-inter-level travel time spent in this place.
 C = Inter-level travel time spent in this place.
 D = Time resting spent in this place.
 E = Time spent auto-exploring this place.
 F = Levels seen in this place.
 G = Mean time per level.
                   A        B        C        D        E       F      G
               +--------+--------+--------+--------+--------+-----+--------+
         Total |  14397 |  13244 |   1153 |    962 |   9889 |  13 | 1107.5 |
       Dungeon |  14162 |  13092 |   1070 |    962 |   9778 |  11 | 1287.5 |
        Temple |    207 |    124 |     83 |      0 |    101 |   1 |  207.0 |
          Lair |     26 |     26 |      0 |      0 |     10 |   1 |   26.0 |
               +--------+--------+--------+--------+--------+-----+--------+

Top non-repeatable levels by time:
     D:7: 2247 daAuts
     D:4: 1815 daAuts
     D:8: 1684 daAuts
    D:10: 1666 daAuts
     D:5: 1460 daAuts
     D:3: 1319 daAuts
     D:2: 1242 daAuts
     D:9: 1137 daAuts
     D:6: 1108 daAuts
     D:1: 446 daAuts
  Temple: 207 daAuts
    D:11: 35 daAuts
  Lair:1: 26 daAuts
